 Dungeon Crawl Stone Soup version 0.29-a0-542-g075992c915 (webtiles) character file.

Game seed: 1834137333230451018

2706 NateTC the Fighter (level 9, -8/85 HPs)
             Began as a Hill Orc Monk on June 4, 2022.
             Was a Priest of Beogh.
             Mangled by a komodo dragon (15 damage)
             ... on level 8 of the Dungeon.
             The game lasted 00:11:57 (6750 turns).

NateTC the Fighter (Hill Orc Monk)                  Turns: 6750, Time: 00:11:57

Health: -8/85      AC: 21    Str: 18    XL:     9   Next: 65%
Magic:  9/9        EV:  6    Int: 10    God:    Beogh [***...]
Gold:   430        SH:  0    Dex: 13    Spells: 8/8 levels left

rFire   . . .      SeeInvis .   a - +1 hand axe (elec)
rCold   . . .      Faith    .   (no shield)
rNeg    . . .      Spirit   .   v - +0 plate armour
rPois   .          Reflect  .   (no helmet)
rElec   .          Harm     .   (no cloak)
rCorr   .          Rampage  .   n - +0 pair of gloves
Will    .....                   (no boots)
Stlth   ..........              d - amulet of the acrobat
HPRegen 0.24/turn               m - +4 ring of protection
MPRegen 0.11/turn               o - +4 ring of protection

@: about to teleport
A: no striking features
a: Renounce Religion, Smiting


You were on level 8 of the Dungeon.
You worshipped Beogh.
Beogh was most pleased with you.
You visited 1 branch of the dungeon, and saw 8 of its levels.

You collected 430 gold pieces.

Inventory:

Hand Weapons
 a - a +1 hand axe of electrocution (weapon)
Armour
 n - a +0 pair of gloves (worn)
 v - a +0 plate armour (worn)
Jewellery
 b - a ring of resist corrosion
 d - an amulet of the acrobat (around neck)
 m - a +4 ring of protection (left hand)
 o - a +4 ring of protection (right hand)
 t - a ring of protection from fire
Wands
 g - a wand of charming (8)
 u - a wand of mindburst (1)
 w - a wand of iceblast (2)
Scrolls
 q - a scroll of fear
 r - a scroll of teleportation
Potions
 c - 2 potions of ambrosia
 e - a potion of brilliance {unknown}
 h - 2 potions of resistance {unknown}
 i - 3 potions of curing
 j - 3 potions of attraction {unknown}
 k - 2 potions of degeneration {unknown}
 l - a potion of magic {unknown}
 p - a potion of mutation {unknown}
 s - a potion of heal wounds {unknown}
 x - a potion of flight {unknown}


   Skills:
 - Level 10.0 Fighting
 * Level 9.0 Axes
 - Level 6.0 Armour
 - Level 2.4 Dodging
 - Level 1.5 Stealth
 - Level 6.0 Evocations


You had 8 spell levels left.
You didn't know any spells.
Your spell library contained the following spells:

 Spells                   Type           Power      Damage    Failure   Level
 Magic Dart               Conj           0%         1d3       100%        1
 Sandblast                Erth           0%         2d4       100%        1
 Passwall                 Tmut/Erth      0%         N/A       100%        2
 Searing Ray              Conj           0%         2d4       100%        2
 Conjure Flame            Conj/Fire      0%         6-21      100%        3
 Ignite Poison            Fire/Tmut/Pois 0%         N/A       100%        3
 Stone Arrow              Conj/Erth      0%         3d7       100%        3
 Fulminant Prism          Conj/Hex       0%         3d6       100%        4
 Sticky Flame             Conj/Fire      0%         2d3       100%        4


Dungeon Overview and Level Annotations

Branches:
Dungeon (8/15)             Temple (0/1) D:4
   Lair: D:8-11

Altars:
Ashenzari
Cheibriados
Fedhas
Makhleb
Nemelex Xobeh
Ru
Trog
Wu Jian
Xom

Shops:
D:1 =   D:3 :(

Annotations:
D:5 1 runed translucent door, Crazy Yiuf
D:7 2 transporters, xianbchi's ghost, novice DrBe


Message History

The komodo dragon bites you but does no damage.
The black bear goes berserk!
You hit the black bear but do no damage.
The black bear is severely wounded.
You hit the komodo dragon but do no damage.
You hit the yak. You slash the yak!
You feel sick.
You are no longer poisoned.
The black bear barely misses you. x2; The black bear claws you.
You hit the black bear.
The black bear is almost dead.
You hit the yak. Lightning courses through the yak! You hit the yak.
You hit the komodo dragon but do no damage.
A nearby plant withers and dies.
The yak gores you but does no damage. The yak barely misses you.
The komodo dragon bites you!! The black bear barely misses you. x2
The black bear claws you but does no damage.
You can't go down here!
Aiming: Mindburst
Press: ? - help, Shift-Dir - straight line, f - black bear
Aim: a black bear (almost dead, berserk, chance to affect: 84%)
The black bear's mind is blasted!!
You blow up the black bear!
Beogh accepts your kill.
You can now gain orcish followers.
The yak gores you but does no damage. The komodo dragon bites you.
* * * LOW HITPOINT WARNING * * *
The yak gores you!
* * * LOW HITPOINT WARNING * * *
Your Axes skill increases to level 9!
As you read the scroll of teleportation, it crumbles to dust.
You feel strangely unstable.
The komodo dragon bites you but does no damage.
The yak gores you.
* * * LOW HITPOINT WARNING * * *
The yak gores you.
* * * LOW HITPOINT WARNING * * *
The yak gores you but does no damage.
You feel better. The yak gores you.
* * * LOW HITPOINT WARNING * * *
The komodo dragon bites you!
You die...

.....P..
##..PP..
....P.P#
.....P# ...P.P#
#####sPPP.###
#....l.P..PP.
#....@Y.PP...
#...YYY..P...
#...........P
.............P.
...........#...
...........# ..
...######### .
...


You could see a komodo dragon, 4 yaks and a scorpion.

Vanquished Creatures
  A steam dragon (D:7)
  Menkaure (D:7)
  An ice beast (D:7)
  A sky beast (D:6)
  2 black bears
  An orc warrior (D:7)
  2 ogres
  2 phantoms
  A necrophage (D:6)
  3 bullfrogs
  5 scorpions
  7 killer bees
  4 crimson imps (D:4)
  2 orc priests (D:7)
  2 gnoll shamans (D:7)
  4 hounds
  2 iguanas
  4 orc wizards
  11 gnolls
  14 adders
  A shadow imp (D:7)
  A white imp (D:6)
  An ufetubus (D:4)
  3 worms (D:2)
  5 dart slugs
  18 orcs
  8 ball pythons
  An endoplasm (D:1)
  2 giant cockroaches
  6 goblins
  7 hobgoblins
  2 quokkas
  3 bats
  3 frilled lizards
  7 kobolds
  7 rats
145 creatures vanquished.

Vanquished Creatures (others)
  An orc priest (D:7)
  2 orcs (D:7)
  A fungus (D:8)
  3 plants
7 creatures vanquished.

Grand Total: 152 creatures vanquished

Notes
Turn   | Place    | Note
-------+----------+-------------------------------------------
     0 | D:1      | NateTC the Hill Orc Monk began the quest for the Orb.
     0 | D:1      | Reached XP level 1. HP: 19/19 MP: 1/1
   198 | D:1      | Reached XP level 2. HP: 19/26 MP: 2/2
   444 | D:1      | Reached skill level 5 in Axes
   696 | D:1      | Found Deinynyf's Jewellery Shoppe.
   995 | D:2      | Reached XP level 3. HP: 10/31 MP: 3/3
  1651 | D:2      | Reached XP level 4. HP: 38/39 MP: 4/4
  1853 | D:2      | Found a sparkling altar of Nemelex Xobeh.
  2164 | D:3      | Found a broken altar of Ashenzari.
  2182 | D:3      | Reached XP level 5. HP: 43/45 MP: 5/5
  2360 | D:3      | Found Fiakaokk's Weapon Shoppe.
  2413 | D:3      | Found Ninosh's Book Emporium.
  2502 | D:3      | Found a blossoming altar of Fedhas.
  2681 | D:3      | Found a faded altar of an unknown god.
  2686 | D:3      | Found a snail-covered altar of Cheibriados.
  2740 | D:3      | Found a faded altar of an unknown god.
  2925 | D:3      | Found a burning altar of Makhleb.
  3181 | D:4      | Found a staircase to the Ecumenical Temple.
  3389 | D:4      | Found a shimmering altar of Xom.
  3401 | D:4      | Reached skill level 4 in Fighting
  3408 | D:4      | Reached XP level 6. HP: 45/53 MP: 6/6
  3418 | D:4      | Reached skill level 5 in Fighting
  3431 | D:4      | Reached skill level 6 in Fighting
  4043 | D:5      | Entered Level 5 of the Dungeon
  4058 | D:5      | Reached XP level 7. HP: 61/64 MP: 7/7
  4179 | D:5      | Reached skill level 7 in Fighting
  4279 | D:5      | Found a runed translucent door.
  4280 | D:5      | Noticed Crazy Yiuf
  4436 | D:5      | Reached skill level 8 in Fighting
  4471 | D:5      | Found a sparkling altar of Nemelex Xobeh.
  4823 | D:6      | Reached skill level 1 in Evocations
  4842 | D:6      | Reached XP level 8. HP: 25/77 MP: 8/8
  4843 | D:6      | Reached skill level 9 in Fighting
  5233 | D:6      | Reached skill level 10 in Fighting
  5277 | D:6      | Found a sacrificial altar of Ru.
  5586 | D:7      | Reached skill level 1 in Armour
  5598 | D:7      | Found a transporter.
  5600 | D:7      | Found a transporter.
  5848 | D:7      | Noticed Menkaure
  5855 | D:7      | Killed Menkaure
  5875 | D:7      | Became a worshipper of Beogh the Brigand
  5875 | D:7      | Reached * piety under Beogh
  5875 | D:7      | Reached ** piety under Beogh
  5885 | D:7      | Reached XP level 9. HP: 71/85 MP: 9/9
  5890 | D:7      | Reached skill level 5 in Evocations
  6063 | D:7      | Reached skill level 5 in Armour
  6180 | D:7      | Found an ornate altar of the Wu Jian Council.
  6534 | D:7      | Noticed xianbchi's ghost (novice DrBe)
  6537 | D:7      | Noticed a moth of wrath
  6538 | D:7      | Found a bloodstained altar of Trog.
  6735 | D:8      | Noticed a komodo dragon
  6748 | D:8      | Reached *** piety under Beogh
  6749 | D:8      | HP: 4/85 [yak (4)]
  6750 | D:8      | Mangled by a komodo dragon

Illustrated notes

Levels and vault maps discovered:
D:1:      dpeg_arrival_simpleton_c, layout_loops_ring, serial_shops, shop,
          serial_forest, infiniplex_forest_split, infiniplex_forest_end_1,
          infiniplex_forest_straight_3, infiniplex_forest_straight_2,
          infiniplex_forest_lined_room_2, infiniplex_forest_lined_3_way,
          kennysheep_nondescript, minmay_tall_x
D:2:      layout_rooms, basic_altar, corexii_leaking_fountain
D:3:      layout_basic, nicolae_overflow_ecumenical_swirl,
          mainiacjoe_overflow_alcove_4, fedhas_altar_1,
          cheibrodos_ashenzari_chains, serial_shops,
          nicolae_shop_bloodbath_and_beyond, shop,
          dilly_ecumenical_altar_fadedgnrine
D:4:      layout_basic, led_xom_imps, minmay_temple_entry_arrows
D:5:      layout_rooms, nemelex_spade_bored_becter, uniq_crazy_yiuf_cottage
D:6:      layout_rooms, old_standard_altar
D:7:      layout_loops_ring, nzn_wu_jian_contemplation,
          gammafunk_ghost_wrathful_warriors, uniq_menkaure
D:8:      layout_gridville, grunt_lair_entry_orc_guard_hut, enter_bailey_5

Skill      XL: |  1  2  3  4  5  6  7  8  9 |
---------------+----------------------------+-----
Axes           | 5 6 7 8 9 |  9.0
Fighting       | 4 6 8 10 | 10.0
Evocations     | 1 4 6 |  6.0
Armour         | 3 6 |  6.0
Dodging        | |  2.4
Stealth        | |  1.5

Action                   |  1- 3 |  4- 6 |  7- 9 || total
-------------------------+-------+-------+-------++-------
Melee: Hand axe          |   114 |   166 |   231 ||   511
       Punch             |       |     1 |     2 ||     3
Invok: Convert to Beogh  |       |       |     1 ||     1
Evoke: Wand              |       |       |     6 ||     6
  Use: Scroll            |     3 |     6 |     2 ||    11
       Potion            |       |       |     2 ||     2
 Stab: Sleeping          |     2 |       |       ||     2
Armor: Robe              |     4 |       |       ||     4
       Scale mail        |    29 |    49 |   106 ||   184
       Plate armour      |       |       |    86 ||    86
Dodge: Dodged            |    77 |    92 |   148 ||   317

Table legend: (Time is in decaauts)
 A = Elapsed time spent in this place.
 B = Non-inter-level travel time spent in this place.
 C = Inter-level travel time spent in this place.
 D = Time resting spent in this place.
 E = Time spent auto-exploring this place.
 F = Levels seen in this place.
 G = Mean time per level.
                   A        B        C        D        E       F      G
               +--------+--------+--------+--------+--------+-----+--------+
         Total |   6723 |   6394 |    329 |   1250 |   3870 |   8 |  840.4 |
       Dungeon |   6723 |   6394 |    329 |   1250 |   3870 |   8 |  840.4 |
               +--------+--------+--------+--------+--------+-----+--------+

Top non-repeatable levels by time:
     D:3: 1152 daAuts
     D:7: 1150 daAuts
     D:2: 988 daAuts
     D:1: 976 daAuts
     D:4: 922 daAuts
     D:5: 883 daAuts
     D:6: 635 daAuts
     D:8: 13 daAuts
